Map: Site Delta LE

Players

Cyan

  • Race: Protoss Protoss
  • Spawn Location: 11:00

Bunny - Winner!

  • Race: Terran Terran
  • Spawn Location: 5:00

Event: ESL Spring 2024 Finals

VOD

Have the link to the VOD?

Description

Time

  • Played on: May 31, 2024, 6 p.m.
  • Length: 10:28

All games in this series

Show
View Real Time Build Order
Export as new Build Order

Cyan Protoss 

Build Orders: 1 Gate Expand, Phoenix Opening, Colossus Rush 

Get SALT Encoding   

  12  0:00  Probe  
  13  0:12  Probe  
  14  0:17  Pylon  
  14  0:24  Probe  
  15  0:36  Gateway, Probe (Chrono Boost)  
  16  0:46  Probe (Chrono Boost)  
  16  0:47  Assimilator  
  17  0:51  Probe (Chrono Boost)  
  18  1:03  Probe  
  19  1:15  Probe  
  20  1:23  Nexus  
  20  1:31  Cybernetics Core  
  20  1:34  Probe  
  20  1:39  Assimilator  
  21  1:46  Probe  
  22  1:50  Pylon  
  22  1:58  Probe  
  23  2:05  Stalker (Chrono Boost)  
  25  2:10  Probe (Chrono Boost)  
  26  2:22  Probe (Chrono Boost)  
  26  2:23  Stargate  
  26  2:28  Warp Gate  
  27  2:30  Probe (Chrono Boost)  
  27  2:33  Adept  
  27  2:35  Probe (Chrono Boost)  
  30  2:42  Probe (Chrono Boost)  
  32  2:44  Probe (Chrono Boost)  
  32  2:49  Probe x2 (Chrono Boost)  
  34  2:57  Gateway  
  34  3:01  Probe  
  35  3:05  Probe  
  35  3:07  Phoenix (Chrono Boost)  
  40  3:13  Probe  
  40  3:15  Robotics Facility  
  40  3:18  Probe  
  40  3:19  Assimilator  
  40  3:25  Pylon, Probe  
  41  3:30  Phoenix  
  41  3:33  Probe (Chrono Boost)  
  44  3:37  Assimilator  
  45  3:44  Probe (Chrono Boost)  
  45  3:45  Probe (Chrono Boost)  
  46  3:48  Pylon  
  46  3:55  Phoenix, Probe x2 (Chrono Boost)  
  49  4:02  Shield Battery, Observer  
  51  4:04  Probe x2  
  53  4:15  Robotics Bay  
  53  4:16  Probe x2  
  55  4:23  Phoenix  
  57  4:28  Probe x2  
  59  4:32  Stalker  
  58  4:40  Probe  
  58  4:41  Probe  
  60  4:50  Phoenix  
  62  4:54  Pylon  
  62  5:00  Nexus  
  62  5:01  Pylon  
  62  5:08  Colossus (Chrono Boost)  
  62  5:12  Probe x2  
  70  5:18  Pylon  
  70  5:21  Extended Thermal Lance  
  70  5:24  Probe x2  
  70  5:25  Forge  
  72  5:31  Twilight Council  
  72  5:44  Phoenix, Probe  
  72  5:49  Shield Battery  
  75  5:52  Colossus (Chrono Boost)  
  81  5:57  Protoss Ground Weapons Level 1 (Chrono Boost)  
  81  5:58  Sentry  
  81  5:59  Zealot  
  81  6:01  Probe  
  81  6:03  Pylon  
  86  6:06  Pylon  
  86  6:12  Probe  
  86  6:13  Probe  
  86  6:17  Probe  
  89  6:20  Stalker  
  89  6:22  Stalker  
  89  6:24  Charge, Probe  
  89  6:25  Probe  
  95  6:29  Probe  
  96  6:36  Probe  
  96  6:37  Probe  
  96  6:39  Observer (Chrono Boost)  
  99  6:43  Probe  
  99  6:47  Stalker x2  
  99  6:48  Probe  
  99  6:50  Probe  
  99  6:51  Gateway  
  99  6:54  Gateway, Pylon  
  105  6:55  Probe  
  96  7:18  Stalker x2  
  96  7:19  Phoenix  
  98  7:26  Colossus (Chrono Boost)  
  98  7:29  Probe x2  
  106  7:32  Gateway  
  106  7:33  Gateway  
  106  7:35  Probe  
  105  7:37  Gateway x2  
  105  7:40  Pylon  
  105  7:41  Gateway  
  105  7:42  Zealot, Sentry  
  105  7:43  Pylon  
  109  7:48  Probe x2, Pylon  
  109  7:50  Phoenix  
  109  7:52  Probe  
  109  7:56  Protoss Ground Weapons Level 2 (Chrono Boost)  
  105  7:59  Zealot  
  105  8:04  Probe x3  
  110  8:06  Zealot x3  
  110  8:12  Assimilator x2  
  116  8:16  Probe x2  
  116  8:19  Probe  
  117  8:21  Zealot  
  117  8:24  Blink  
  117  8:25  Observer (Chrono Boost)  
  120  8:28  Nexus, Probe x2  
  120  8:30  Pylon  
  120  8:33  Pylon, Probe  
  123  8:37  Pylon  
  123  8:41  Pylon, Photon Cannon  
  123  8:44  Gravitic Drive  
  123  8:46  Warp Prism (Chrono Boost)  
  125  9:00  Zealot x3  
  125  9:01  Zealot  
  133  9:04  Pylon  
  130  9:13  Nexus  
  130  9:15  Templar Archives  
  130  9:16  Pylon  
  130  9:17  Robotics Facility  
  130  9:20  Pylon  
  130  9:21  Stalker  
  130  9:22  Stalker x3  
  138  9:25  Zealot  
  138  9:37  Zealot x4  
  131  9:45  Zealot x3  
  137  9:46  Zealot x2  
  142  10:08  Pylon  
  142  10:09  Pylon  
  142  10:13  Zealot x2  
  136  10:15  Stalker x3  
  136  10:16  Zealot x4  
Show
View Real Time Build Order
Export as new Build Order

Bunny Terran - Winner!

Build Orders: Cyclone Opening 

Get SALT Encoding   

  12  0:00  SCV  
  13  0:12  SCV  
  14  0:17  Supply Depot  
  14  0:24  SCV  
  15  0:38  SCV  
  15  0:40  Barracks  
  15  0:42  Refinery  
  16  0:51  SCV  
  17  1:03  SCV  
  18  1:15  SCV  
  19  1:27  Orbital Command  
  20  1:36  Command Center  
  20  1:45  Factory  
  19  1:48  Marine  
  19  1:53  SCV  
  21  2:00  Supply Depot  
  21  2:05  SCV  
  21  2:07  Barracks Reactor  
  22  2:10  Refinery  
  22  2:17  SCV  
  23  2:29  SCV, Cyclone  
  26  2:41  SCV  
  26  2:42  Marine  
  26  2:43  Marine  
  29  2:46  Starport  
  29  2:49  Orbital Command  
  29  2:53  SCV  
  30  3:00  Marine  
  30  3:01  Widow Mine  
  33  3:07  SCV  
  33  3:11  Marine  
  35  3:15  SCV  
  35  3:18  Marine  
  35  3:19  SCV  
  38  3:22  Medivac  
  38  3:23  Widow Mine  
  38  3:25  Supply Depot  
  42  3:28  SCV  
  42  3:31  SCV  
  42  3:33  Marine  
  45  3:36  Marine  
  46  3:45  Barracks, Factory Tech Lab  
  46  3:46  SCV x2  
  48  3:49  Bunker  
  48  3:51  Marine  
  48  3:54  Marine  
  50  3:58  SCV x2  
  50  4:01  Supply Depot, Engineering Bay  
  52  4:04  Barracks  
  52  4:10  Factory Tech Lab  
  52  4:11  SCV x2  
  54  4:18  Refinery  
  54  4:21  Supply Depot  
  54  4:23  Marine x2  
  56  4:27  SCV x2  
  57  4:41  Marine  
  57  4:42  Starport Reactor  
  57  4:43  SCV  
  57  4:44  SCV  
  57  4:45  Terran Infantry Weapons Level 1  
  57  4:46  Supply Depot, Marine  
  57  4:47  Marine  
  57  4:48  Stimpack  
  59  4:55  Factory Reactor  
  59  4:56  SCV x2  
  59  4:57  Supply Depot  
  59  4:59  Marine  
  62  5:01  Combat Shield, Marine  
  62  5:04  Marine  
  62  5:05  Marine  
  65  5:07  Refinery  
  65  5:08  SCV x2  
  65  5:10  Supply Depot  
  67  5:19  Marauder, Medivac x2  
  73  5:21  Marine  
  73  5:22  Marine  
  73  5:24  Marauder  
  73  5:25  SCV x2  
  79  5:32  Supply Depot, Widow Mine x2  
  83  5:36  Supply Depot  
  83  5:39  Marine  
  83  5:40  Marine  
  80  5:45  Marauder x2  
  80  5:48  SCV x2  
  86  5:56  Medivac  
  88  5:57  Marine, Medivac  
  88  5:58  Marine  
  88  5:59  Widow Mine x2  
  96  6:06  Supply Depot  
  96  6:09  Marauder x2  
  100  6:15  Marine x2  
  102  6:21  Command Center  
  102  6:28  Concussive Shells  
  102  6:36  SCV x2  
  102  6:37  Barracks  
  102  6:39  Barracks, Marauder x2, Terran Infantry Armor Level 1  
  108  6:41  Marine x2  
  114  6:47  Widow Mine x2  
  114  6:51  Supply Depot  
  114  6:52  Medivac  
  116  6:55  Medivac  
  118  7:03  SCV  
  118  7:05  SCV  
  111  7:13  Marauder  
  111  7:14  Marine x2, Marauder  
  113  7:15  Widow Mine  
  113  7:16  SCV, Widow Mine  
  113  7:17  SCV  
  113  7:22  Viking  
  114  7:25  Viking  
  114  7:28  SCV  
  114  7:29  SCV  
  117  7:33  Ghost Academy  
  117  7:35  Marauder  
  117  7:37  Orbital Command  
  117  7:39  Marine x2  
  120  7:44  SCV x2  
  120  7:45  Barracks Tech Lab  
  120  7:47  Barracks Reactor  
  120  7:54  Viking  
  120  7:55  Viking  
  120  7:57  SCV x2  
  125  8:00  Marine x2, Marauder x2  
  125  8:03  SCV  
  132  8:07  Refinery x2  
  132  8:09  SCV x2  
  132  8:10  Supply Depot  
  132  8:15  SCV  
  131  8:22  Ghost x2  
  131  8:24  Viking  
  131  8:25  Ghost, Viking  
  141  8:30  SCV x2  
  141  8:32  SCV  
  141  8:33  Supply Depot  
  142  8:34  Supply Depot  
  142  8:35  Marine x2  
  142  8:37  Marine  
  142  8:38  Marine  
  142  8:40  Widow Mine  
  148  8:49  Supply Depot  
  148  8:54  Ghost  
  148  8:55  Widow Mine, Viking x2  
  156  9:00  Ghost  
  158  9:03  Ghost  
  158  9:05  Supply Depot  
  158  9:08  Marine x3  
  159  9:15  Armory  
  159  9:22  Command Center  
  159  9:35  Marauder x2  
  159  9:37  Marine x4  
  159  9:38  Viking  
  169  9:48  Ghost  
  171  9:55  Marine  
  171  9:56  Ghost x2  
  171  9:58  Widow Mine  
  171  9:59  Widow Mine  
Tags
 
Add a new tag
Caveats
  • Supply blocks, unpowered buildings, or Contaminate may cause inaccurate times.
  • Supply counts are checked every 10 seconds.